 Dungeon Crawl Stone Soup version 0.19.1-1-g22dce08 (webtiles) character file.

2349 empire the Destroyer (level 9, 0/45 HPs)
             Began as a Tengu Conjurer on Jan 13, 2017.
             Was a Follower of Sif Muna.
             Slain by an orc warrior
             ... wielding a +0 short sword
              (12 damage)
             ... on level 7 of the Dungeon.
             The game lasted 00:25:05 (10143 turns).

empire the Destroyer (Tengu Conjurer)              Turns: 10143, Time: 00:25:05

Health: 0/45       AC:  5    Str: 10      XL:     9   Next: 43%
Magic:  1/19       EV: 13    Int: 16 (18) God:    Sif Muna [*.....]
Gold:   182        SH:  0    Dex: 15 (16) Spells: 6 memorised, 3 levels left

rFire  . . .     SeeInvis +     b - +4 dagger (protect)
rCold  . . .     Gourm    .     e - +0 robe
rNeg   . . .     Faith    .     (no shield)
rPois  .         Spirit   .     H - +2 hat {SInv}
rElec  .         Reflect  .     j - +0 cloak
rCorr  .         Harm     .     (no gloves)
MR     .....                    (boots unavailable)
Stlth  ++........               (no amulet)
                                (no ring)
                                (no ring)

@: no status effects
A: beak, talons 3, agile 1, blink, deterioration 1, MP-powered wands, able to
fly 1
a: Fly, Blink, Divine Energy, Renounce Religion


You were on level 7 of the Dungeon.
You worshipped Sif Muna.
Sif Muna was aware of your devotion.
You were near starving.

You visited 2 branches of the dungeon, and saw 8 of its levels.

You collected 308 gold pieces.
You spent 126 gold pieces at shops.

Inventory:

Hand Weapons
 a - a +1 short sword
 b - a +4 dagger of protection (weapon)
 f - a +2 flail
 i - a +0 club
 m - a cursed -2 dagger
 n - a +4 scimitar
 A - a cursed -1 war axe
Armour
 e - a +0 robe (worn)
 j - a +0 cloak (worn)
 t - a +7 plate armour of ponderousness
 H - a +2 hat of see invisible (worn)
Jewellery
 F - an uncursed ring of flight
Wands
 w - a wand of flame (0/48)
 x - a wand of polymorph (4/24)
 y - a wand of slowing (30/48)
 z - a wand of hasting (0/9)
Scrolls
 d - a scroll of enchant armour
 s - 2 scrolls of fog
Potions
 o - a potion of might
 u - a potion of brilliance
 v - 3 potions of curing
 C - a potion of lignification
 G - a potion of berserk rage
Books
 l - a book of Conjurations

   Spells                             Type                      Level
   a - Magic Dart                     Conjuration                  1
   b - Searing Ray                    Conjuration                  2
   c - Dazzling Spray                 Conjuration/Hexes            3
   d - Fulminant Prism                Conjuration/Hexes            4
   e - Iskenderun's Mystic Blast      Conjuration                  4
   f - Iskenderun's Battlesphere      Conjuration/Charms           5
 q - a book of Minor Magic

   Spells                             Type                      Level
   a - Magic Dart                     Conjuration                  1
   b - Blink                          Translocation                2
   c - Call Imp                       Summoning                    2
   d - Repel Missiles                 Charms/Air                   2
   e - Slow                           Hexes                        2
   f - Conjure Flame                  Conjuration/Fire             3
   g - Mephitic Cloud                 Conjuration/Poison/Air       3
Comestibles
 c - 4 bread rations
 g - 4 beef jerkies
 h - 5 meat rations
 k - 2 slices of pizza
 B - 10 fruits


   Skills:
 - Level 2.1 Dodging
 - Level 2.0 Stealth
 + Level 6.1 Spellcasting
 - Level 10.0 Conjurations
 - Level 2.0 Hexes
 + Level 3.6 Charms
 + Level 2.9 Invocations
 + Level 4.9 Evocations


You had 3 spell levels left.
You knew the following spells:

 Your Spells              Type           Power        Failure   Level  Hunger
a - Magic Dart            Conj           ####         1%          1    None
b - Iskenderun's Mystic   Conj           #####...     1%          4    ####...
c - Dazzling Spray        Conj/Hex       ###...       3%          3    ##.....
d - Iskenderun's Battles  Conj/Chrm      ####....     28%         5    ######.
e - Searing Ray           Conj           #####.       1%          2    #......
f - Blink                 Tloc           N/A          21%         2    #......


Dungeon Overview and Level Annotations

Branches:
Dungeon (7/15)             Temple (1/1) D:6

Altars:
Ashenzari
Cheibriados
Dithmenos
Elyvilon
Fedhas
Gozag
Hepliaklqana
Kikubaaqudgha
Nemelex Xobeh
Okawaru
Qazlal
Ru
Sif Muna
Trog
Uskayaw
Xom
Yredelemnul

Shops:
D:4 *


Innate Abilities, Weirdness & Mutations

You have a beak for a mouth.
You have claws for feet.
You can fly.
You are agile. (Dex +2)
You can translocate small distances at will.
Your body sometimes deteriorates upon taking damage.
You expend magic power (3 MP) to strengthen your wands.


Message History

The orc wizard casts a spell.
The orc warrior is no longer blind.
The orc wizard looks braver for a moment.
The orc wizard mumbles some strange words.
The orc wizard flickers and vanishes for a moment.
You closely miss the orc warrior. Your kick misses the orc warrior.
Your peck misses the orc warrior.
The orc warrior is severely wounded.
The orc wizard hits you but does no damage.
The orc warrior hits you with a short sword!
The orc wizard points at you and mumbles some strange words.
The magic dart hits you!
Your body deteriorates!
You feel clumsy.
The orc wizard gestures at you while chanting.
The puff of flame hits you!
The orc warrior hits you with a short sword!
* * * LOW HITPOINT WARNING * * *
You feel better. The orc wizard closely misses you.
The orc warrior hits you with a short sword!
You die...

# #.............##..
.....#####...... ..
..## #...... ...
##(..### ##....). ...#
##......####....###
...###..............##
....................#
#.......######...#
#..@## ###...##
##.oo.######......#
#..o#.............###
##oo###........###....
#(.## ##....#### #.(..
. ##..# ##..## ##....
.. ##.(## #..## #...##
...##...## ##..##
##..## #.......#
##...###...#


You could see an orc warrior, 2 orc wizards and 2 orcs.

Vanquished Creatures
  A sky beast (D:7)
  An ice beast (D:6)
  2 ogres
  A phantom (D:6)
  2 centaurs
  3 bullfrogs
  4 scorpions
  5 wights (D:6)
  3 howler monkeys (D:4)
  2 crimson imps
  A centaur zombie (D:6)
  2 hounds
  4 orc wizards
  A bullfrog skeleton (D:4)
  A centaur skeleton (D:7)
  4 iguanas
  Jessica (D:2)
  9 worker ants
  14 adders
  4 gnolls
  A shadow imp (D:6)
  A white imp (D:5)
  An ooze (D:6)
  An adder skeleton (D:5)
  An adder zombie (D:5)
  6 worms
  5 dart slugs
  4 leopard geckos
  22 orcs
  6 giant cockroaches
  10 goblins
  14 hobgoblins
  15 jackals
  14 kobolds
  5 quokkas
  9 bats
  10 frilled lizards
  A jackal skeleton (D:4)
  A leopard gecko skeleton (D:7)
  A leopard gecko zombie (D:5)
  11 rats
204 creatures vanquished.

Notes
Turn   | Place    | Note
-------+----------+-------------------------------------------
     0 | D:1      | empire the Tengu Conjurer began the quest for the Orb.
     0 | D:1      | Reached XP level 1. HP: 10/10 MP: 4/4
   113 | D:1      | Reached XP level 2. HP: 8/15 MP: 0/6
   380 | D:1      | Reached skill level 6 in Conjurations
   696 | D:1      | Reached XP level 3. HP: 19/19 MP: 5/7
  1409 | D:2      | Reached XP level 4. HP: 13/24 MP: 0/9
  1736 | D:2      | Noticed Jessica
  2423 | D:2      | Reached skill level 7 in Conjurations
  2496 | D:2      | Gained mutation: You can fly. [Tengu growth]
  2496 | D:2      | Reached XP level 5. HP: 28/28 MP: 9/11
  2502 | D:2      | Learned a level 4 spell: Iskenderun's Mystic Blast
  2506 | D:2      | Learned a level 3 spell: Dazzling Spray
  2620 | D:2      | Killed Jessica
  3284 | D:3      | Reached skill level 1 in Hexes
  4066 | D:4      | Reached XP level 6. HP: 32/32 MP: 9/12
  4526 | D:4      | Found Luatarir's General Store.
  4554 | D:4      | Bought a scroll of random uselessness for 11 gold pieces
  4554 | D:4      | Bought a scroll of enchant armour for 82 gold pieces
  4554 | D:4      | Bought a potion of curing for 33 gold pieces
  4681 | D:3      | Reached skill level 1 in Evocations
  4872 | D:3      | Reached XP level 7. HP: 36/36 MP: 2/14
  5034 | D:4      | Reached skill level 8 in Conjurations
  5435 | D:4      | Learned a level 5 spell: Iskenderun's Battlesphere
  6059 | D:4      | Learned a level 2 spell: Searing Ray
  6124 | D:4      | Reached skill level 1 in Charms
  6839 | D:5      | Entered Level 5 of the Dungeon
  6880 | D:5      | Reached skill level 5 in Spellcasting
  6880 | D:5      | Reached XP level 8. HP: 37/41 MP: 7/16
  6989 | D:5      | Learned a level 2 spell: Blink
  7291 | D:5      | Reached skill level 9 in Conjurations
  8465 | D:5      | Got a slimy shield
  8471 | D:5      | Identified the cursed -5 shield "Sadoas" {rC+} (You found it on level 5 of the Dungeon)
  8489 | D:6      | Found a staircase to the Ecumenical Temple.
  8501 | Temple   | Entered the Ecumenical Temple
  8515 | Temple   | Became a worshipper of Sif Muna the Loreminder
  8675 | D:6      | Reached skill level 1 in Invocations
  8735 | D:6      | Found a glowing drain.
  8917 | D:6      | Reached XP level 9. HP: 44/45 MP: 0/18
  8932 | D:6      | Reached * piety under Sif Muna
  9084 | D:6      | Reached skill level 10 in Conjurations
  9421 | D:7      | Gained mutation: You can translocate small distances at will. [mutagenic meat]
  9422 | D:7      | Gained mutation: You expend magic power (3 MP) to strengthen your wands. [mutagenic meat]
  9423 | D:7      | Gained mutation: You are agile. (Dex +2) [mutagenic meat]
  9424 | D:7      | Gained mutation: Your body sometimes deteriorates upon taking damage. [mutagenic meat]
 10143 | D:7      | Slain by an orc warrior

Skill      XL: |  1  2  3  4  5  6  7  8  9 |
---------------+----------------------------+-----
Conjurations   | 6 7 8 9 10 | 10.0
Spellcasting   | 3 4 5 6 |  6.1
Hexes          | 1 2 |  2.0
Evocations     | 1 3 4 |  4.9
Charms         | 1 3 |  3.6
Invocations    | 1 2 |  2.9
Dodging        | |  2.1
Stealth        | |  2.0

Action                   |  1- 3 |  4- 6 |  7- 9 || total
-------------------------+-------+-------+-------++-------
Melee: Short sword       |     7 |     6 |    85 ||    98
       Peck              |     1 |     3 |    28 ||    32
       Hand axe          |    17 |    12 |       ||    29
       Kick              |     3 |     2 |    31 ||    36
       Dagger            |       |       |    47 ||    47
 Cast: Magic Dart        |    58 |   144 |   151 ||   353
       Iskenderun's Myst |       |     2 |    50 ||    52
       Dazzling Spray    |       |       |     9 ||     9
Evoke: Wand              |       |     7 |     6 ||    13
  Use: Scroll            |     3 |     5 |    18 ||    26
       Potion            |       |     4 |     9 ||    13
 Stab: Sleeping          |     1 |     1 |     3 ||     5
       Invisible         |       |       |     3 ||     3
  Eat: Chunk             |     2 |    11 |    26 ||    39
       Fruit             |       |       |     3 ||     3
Armor: Robe              |     8 |    12 |    41 ||    61
       Skin              |       |     2 |       ||     2
Dodge: Dodged            |    29 |    55 |   157 ||   241
